 Dungeon Crawl Stone Soup version 0.28-a0-172-g787e458d71 (webtiles) character file.

Game seed: 13465274657207986861

15442 lunkers the Thaumaturge (level 12, -8/94 HPs)
             Began as a Djinni Earth Elementalist on Aug 16, 2021.
             Was an Initiate of Gozag.
             Mangled by a skeletal warrior (18 damage)
             ... led by a skeletal warrior
             ... on level 11 of the Dungeon.
             The game lasted 00:23:21 (15240 turns).

lunkers the Thaumaturge (DjEE)                     Turns: 15240, Time: 00:23:21

Health: -8/94      AC:  6    Str: 13    XL:     12   Next: 57%
Gold:   1526       EV: 12    Int: 22    God:    Gozag SH:  0 Dex: 14

rFire   + . .      SeeInvis .   q - staff of earth
rCold   . . .      Faith    .   (no shield)
rNeg    . . .      Spirit   .   l - +1 leather armour {rPois}
rPois   ∞          Reflect  .   (no helmet)
rElec   .          Harm     .   p - +0 cloak
rCorr   .          Rampage  .   s - +0 pair of gloves
Will    +....                   (boots unavailable)
Stlth   ++........              (no amulet)
HPRegen 0.25/turn               j - +6 ring of strength
MPRegen 0.00/turn               h - ring of ice

@: gold aura, flying
A: sickness immunity, fire resistance 2, cold vulnerability 1, float, innate
caster, hp casting, extra vitality 1
a: Renounce Religion, Potion Petition, Call Merchant, Bribe Branch


You were on level 11 of the Dungeon.
You worshipped Gozag.
Gozag was most pleased with you.
You visited 2 branches of the dungeon, and saw 12 of its levels.

You collected 1626 gold pieces.
You paid 100 gold pieces to Gozag.

Inventory:

Hand Weapons
 f - a +4 flail of protection
Missiles
 c - 391 stones
 g - 2 curare-tipped darts
 w - 5 throwing nets
Armour
 l - a +1 leather armour of poison resistance (worn)
 p - a +0 cloak (worn)
 s - a +0 pair of gloves (worn)
Magical Staves
 q - a staff of earth (weapon)
Jewellery
 h - a ring of ice (right hand)
 j - a +6 ring of strength (left hand)
 t - a ring of see invisible
 v - a +6 ring of strength
Wands
 r - a wand of charming (3)
 z - a wand of flame (37)
 D - a wand of digging (5)
 F - a wand of mindburst (14)
Scrolls
 k - 4 scrolls of teleportation
 m - 3 scrolls of fear
 n - 2 scrolls of amnesia {unknown}
 x - 2 scrolls of identify
 y - a scroll of silence
 B - 2 scrolls of enchant armour {unknown}
 C - a scroll of vulnerability {unknown}
 E - 2 scrolls of enchant weapon {unknown}
 H - a scroll of noise {unknown}
 J - a scroll of blinking {unknown}
Potions
 a - a potion of might
 b - a potion of cancellation
 d - a potion of brilliance
 e - a potion of heal wounds
 i - a potion of flight {unknown}
 o - 3 potions of curing
 u - 2 potions of haste {unknown}
 A - a potion of magic {unknown}
 G - a potion of mutation {unknown}
 I - a potion of ambrosia {unknown}
Miscellaneous
 K - a condenser vane


   Skills:
 + Level 11.2 Fighting
 - Level 2.1 Dodging
 - Level 1.5 Stealth
 * Level 12.4 Spellcasting


You had 11 spell levels left.
You knew the following spells:

 Your Spells              Type           Power      Damage    Failure   Level
a - Stone Arrow           Conj/Erth      100%       3d13      1%          3
b - Passwall              Tmut/Erth      66%        N/A       1%          2
c - Sandblast             Erth           100%       2d20      1%          1
d - Petrify               Tmut/Erth      80%        N/A       1%          4
e - Apportation           Tloc           100%       N/A       1%          1
f - Static Discharge      Conj/Air       62%        N/A       1%          2
g - Lesser Beckoning      Tloc           31%        N/A       1%          3
h - Teleport Other        Tloc           62%        N/A       1%          3
i - Borgnjor's Vile Clut  Necr/Erth      40%        N/A       1%          5
Your spell library was empty.

Dungeon Overview and Level Annotations

Branches:
Dungeon (11/15)            Temple (1/1) D:7            Lair (0/6) D:9
    Orc (0/2) D:10

Altars:
Ashenzari
Cheibriados
Dithmenos
Elyvilon
Fedhas
Gozag
Hepliaklqana
Kikubaaqudgha
Makhleb
Nemelex Xobeh
Okawaru
Qazlal
Ru
Sif Muna
Trog
Uskayaw
Vehumet
Wu Jian
Xom
Yredelemnul
Zin
The Shining One

Shops:
D:1 *   D:2 [   D:4 ?   D:7 *   D:11 !

Annotations:
D:8 3 runed translucent doors, Atlas's ghost, novice DrTm


Innate Abilities, Weirdness & Mutations

You are immune to sickness and miasma.
You are immune to poison.
Your flesh is very heat resistant. (rF++)
You are vulnerable to cold. (rC-)
You float through the air rather than walking.
You learn spells naturally, not from books.
Your magical power is your life essence.
You have superior vitality. (+4 HP)


Message History

Confirm with . or Enter, or press ? or * to list all spells.
You feel a surge of power!
The stone arrow misses the skeletal warrior.
The stone arrow hits the skeletal warrior!
The skeletal warrior is moderately damaged.
The skeletal warrior hits you with a +0 short sword!!
* * * LOW HITPOINT WARNING * * *
Casting: Stone Arrow (safe; 1% risk of failure)
Confirm with . or Enter, or press ? or * to list all spells.
Aiming: Stone Arrow (safe; 1% risk of failure)
Press: ? - help, Shift-Dir - straight line, f/p - skeletal warrior
Aim: a skeletal warrior, wielding a +0 short sword (almost destroyed, 78% to hit)
You feel a surge of power!
The stone arrow hits the skeletal warrior but does no damage.
The skeletal warrior is almost destroyed.
* * * LOW HITPOINT WARNING * * *
The skeletal warrior misses you.
Casting: Stone Arrow (safe; 1% risk of failure)
Confirm with . or Enter, or press ? or * to list all spells.
Aiming: Stone Arrow (safe; 1% risk of failure)
Press: ? - help, Shift-Dir - straight line, f/p - skeletal warrior
Aim: a skeletal warrior, wielding a +0 short sword (almost destroyed, 78% to hit)
You feel a surge of power!
The stone arrow hits the skeletal warrior!
You destroy the skeletal warrior!
* * * LOW HITPOINT WARNING * * *
Unknown command.
Casting: Stone Arrow (safe; 1% risk of failure)
Confirm with . or Enter, or press ? or * to list all spells.
Aiming: Stone Arrow (safe; 1% risk of failure)
Press: ? - help, Shift-Dir - straight line, f - skeletal warrior
Aim: a skeletal warrior, wielding a +1 battleaxe of distortion (lightly damaged, 78% to hit)
You feel a surge of power!
The stone arrow misses the skeletal warrior.
* * * LOW HITPOINT WARNING * * *
The skeletal warrior hits you with a +1 battleaxe of distortion!!
* * * LOW HITPOINT WARNING * * *
Space warps horribly around you!!
You die...
Your body crumbles into a pile of gold.

#...##..##..# #.# *,...,**,,**,
#[..##..##..####.# *,,,,,**,,,,,
....##..##.......# *,,**,**,,,,,
....##..##.......# *,.#*,**,,,**
##..##..##..###.$####..#*,**,,,**
##..##..##..# #........#*,**,,,**
##..#∩.∩....# #........#*,**,,,**
##..#.....[.# #.z####..#*,**,,,**
##..#∩.∩....# #.@# *,.#*,**,,,**
##..#...##).# #..# *,,,,,**,,,,,
##..##..##..# #..# #...,,**,,,,,
##..##..##..# #..# #..#...,,,,,,
##......##..# #..# #..#...,,,,,,
##......##..# #..# #..#..#*.....
##.###.<##..###..# #..#..##.....
...# #..##.......# #..#..##.....
#..# #...........# #..#(.##.....


You could see a skeletal warrior.

Vanquished Creatures
  Harold (D:8)
  A hydra (D:11)
  Erica (D:9)
  3 two-headed ogres
  A skeletal warrior (D:11)
  Pikel (D:7)
  A manticore (D:7)
  3 centaur zombies
  Psyche (D:9)
  2 unseen horrors
  A troll (D:9)
  Prince Ribbit (D:7)
  A meliai zombie (D:10)
  A wyvern (D:9)
  Eustachio (D:4)
  21 yaks
  Edmund (D:3)
  2 water moccasins (D:7)
  A black bear (D:6)
  2 ogres (D:6)
  2 orc warriors
  2 ice beasts
  3 sky beasts
  A necrophage (D:7)
  4 wolves (D:9)
  5 centaurs
  2 lemures (D:7)
  2 phantoms
  A kobold brigand (D:7)
  4 bullfrogs
  2 gnoll sergeants
  A scorpion (D:5)
  4 killer bees (D:8)
  2 electric eels (D:9)
  6 howler monkeys
  6 wights
  3 hounds
  A jelly (D:8)
  3 orc priests
  A bullfrog skeleton (D:6)
  A gnoll shaman (D:4)
  A centaur skeleton (D:4)
  3 iguanas
  11 orc wizards
  3 killer bee zombies
  A hound skeleton (D:5)
  Robin (D:3)
  12 gnolls
  3 howler monkey skeletons
  5 adders
  A shadow imp (D:5)
  2 white imps
  An ufetubus (D:7)
  An adder skeleton (D:4)
  2 worms
  4 dart slugs
  31 orcs
  6 bats
  11 endoplasms
  4 giant cockroaches
  14 goblins
  4 hobgoblins (D:3)
  5 jackals
  5 quokkas
  8 ball pythons
  5 frilled lizards
  12 kobolds
  5 rats
264 creatures vanquished.

Notes
Turn   | Place    | Note
-------+----------+-------------------------------------------
     0 | D:1      | lunkers the Djinni Earth Elementalist began the quest for
                  | the Orb.
     0 | D:1      | Reached XP level 1. HP: 15/15 MP: 0/0
   165 | D:1      | Reached XP level 2. HP: 9/22 MP: 0/0
   354 | D:1      | Found a faded altar of an unknown god.
   486 | D:1      | Reached skill level 1 in Fighting
   525 | D:1      | Found Cocro's Assorted Antiques.
   749 | D:1      | Reached XP level 3. HP: 23/27 MP: 0/0
   749 | D:1      | Learned a level 1 spell: Apportation
   934 | D:1      | Reached skill level 3 in Spellcasting
  1398 | D:2      | Reached XP level 4. HP: 31/32 MP: 0/0
  1859 | D:2      | Found Suloo's Antique Armour Shop.
  2271 | D:3      | Noticed Robin
  2283 | D:3      | Killed Robin
  2284 | D:3      | Reached XP level 5. HP: 7/38 MP: 0/0
  2284 | D:3      | Learned a level 2 spell: Static Discharge
  2903 | D:3      | Found a snail-covered altar of Cheibriados.
  3149 | D:4      | Reached skill level 4 in Spellcasting
  3156 | D:4      | Reached XP level 6. HP: 37/45 MP: 0/0
  3230 | D:4      | Noticed Edmund
  3639 | D:3      | Killed Edmund
  3714 | D:4      | Noticed an ice beast
  3720 | D:4      | Killed an ice beast
  3721 | D:4      | Reached skill level 5 in Spellcasting
  3721 | D:4      | Reached XP level 7. HP: 32/51 MP: 0/0
  3721 | D:4      | Learned a level 3 spell: Lesser Beckoning
  4024 | D:4      | Noticed Eustachio
  4032 | D:4      | Killed Eustachio
  4400 | D:4      | Reached XP level 8. HP: 43/58 MP: 0/0
  4634 | D:4      | Found Puogikeqip's Magic Scroll Shoppe.
  4704 | D:4      | Reached skill level 6 in Spellcasting
  5193 | D:5      | Entered Level 5 of the Dungeon
  5447 | D:5      | Reached skill level 5 in Fighting
  6770 | D:6      | Reached skill level 7 in Spellcasting
  6770 | D:6      | Reached XP level 9. HP: 54/66 MP: 0/0
  6770 | D:6      | Learned a level 3 spell: Teleport Other
  7086 | D:6      | Found a hazy altar of Hepliaklqana.
  7902 | D:7      | Noticed a manticore
  7906 | D:7      | Killed a manticore
  7907 | D:7      | Reached skill level 8 in Spellcasting
  8128 | D:7      | Noticed Pikel
  8133 | D:7      | Killed Pikel
  8134 | D:7      | Reached XP level 10. HP: 49/75 MP: 0/0
  8394 | D:7      | Found a staircase to the Ecumenical Temple.
  8403 | Temple   | Entered the Ecumenical Temple
  8642 | Temple   | Became a worshipper of Gozag Ym Sagoz the Greedy
  8744 | D:7      | Reached skill level 9 in Spellcasting
  8848 | D:7      | Found Gaffichi's General Store.
  9566 | D:7      | Noticed Prince Ribbit
  9572 | D:7      | Killed Prince Ribbit
  9785 | D:8      | Found a runed translucent gate.
  9785 | D:8      | Found a runed translucent gate.
  9785 | D:8      | Found a runed translucent gate.
  9788 | D:8      | Noticed Atlas's ghost (novice DrTm)
  9851 | D:8      | Noticed Harold
  9924 | D:8      | Killed Harold
 10341 | D:8      | Reached skill level 10 in Spellcasting
 10661 | D:8      | Reached XP level 11. HP: 66/84 MP: 0/0
 10661 | D:8      | Learned a level 5 spell: Borgnjor's Vile Clutch
 11214 | D:9      | Noticed Psyche
 11218 | D:9      | Killed Psyche
 11513 | D:9      | Found a burning altar of Makhleb.
 11514 | D:9      | Found an ornate altar of the Wu Jian Council.
 11514 | D:9      | Found a shadowy altar of Dithmenos.
 11518 | D:9      | Found a bloodstained altar of Trog.
 11519 | D:9      | Found a glowing silver altar of Zin.
 11555 | D:9      | Noticed Erica
 11583 | D:9      | Killed Erica
 12076 | D:9      | Reached skill level 11 in Spellcasting
 12316 | D:9      | Found a staircase to the Lair.
 12324 | D:9      | Reached skill level 10 in Fighting
 12668 | D:10     | Entered Level 10 of the Dungeon
 12703 | D:10     | Noticed a two-headed ogre
 12707 | D:10     | Killed a two-headed ogre
 13176 | D:10     | Found a staircase to the Orcish Mines.
 13528 | D:10     | Reached XP level 12. HP: 70/92 MP: 0/0
 13618 | D:10     | Noticed a two-headed ogre
 13624 | D:10     | Killed a two-headed ogre
 13786 | D:10     | Found an iron altar of Okawaru.
 14269 | D:11     | Found Vosiboca's Distillery.
 14329 | D:11     | Found a gate leading to a gauntlet.
 14358 | D:11     | Reached skill level 12 in Spellcasting
 14886 | D:11     | Noticed an eight-headed hydra
 14890 | D:11     | Killed an eight-headed hydra
 15008 | D:11     | Noticed a two-headed ogre
 15013 | D:11     | Killed a two-headed ogre
 15200 | D:11     | Noticed a skeletal warrior
 15201 | D:11     | Noticed a skeletal warrior
 15236 | D:11     | Killed a skeletal warrior
 15240 | D:11     | Mangled by a skeletal warrior

Illustrated notes

Levels and vault maps discovered:
D:1:      lordsloth_arrival_two_stooges, layout_loops_ring,
          shapermc_ecumenical_altar_notcrosses, serial_shops, shop,
          minmay_strange_pillars
D:2:      layout_loops_ring, serial_shops, shop
D:3:      layout_loops_cross, kennysheep_slug_shrine, uniq_robin
D:4:      layout_cave_pools, serial_shops, nicolae_shop_window_shopping,
          uniq_edmund, uniq_eustachio
D:5:      layout_layer_cave
D:6:      layout_layer_cave, lemuel_tele_altar
D:7:      layout_loops_ring, temple_pool_b, serial_shops,
          nicolae_shop_waterfront, minmay_crossroads, uniq_prince_ribbit1,
          uniq_pikel
D:8:      layout_basic, gammafunk_ghost_necromancy, uniq_harold
D:9:      layout_gridville, grunt_temple_overflow_open, erik_lair_island,
          uniq_psyche, uniq_erica
D:10:     layout_rooms, okawaru_trees_1, david_orc_2
D:11:     layout_long_grid, gauntlet_entry_generic, serial_shops,
          nicolae_shop_competitors_out_of_business
Temple:   nicolae_temple_figure_eight

Skill      XL: |  1  2  3  4  5  6  7  8  9 10 11 12 |
---------------+-------------------------------------+-----
Fighting       | 1 2 3 4 5 7 9 10 11 | 11.2
Spellcasting   | 3 4 5 7 8 10 11 12 | 12.4
Dodging        | |  2.1
Stealth        | |  1.5

Action                   |  1- 3 |  4- 6 |  7- 9 | 10-12 || total
-------------------------+-------+-------+-------+-------++-------
Melee: Staff             |       |       |       |     1 ||     1
Throw: Dart              |       |     3 |       |       ||     3
 Cast: Sandblast         |    53 |    73 |     1 |       ||   127
       Stone Arrow       |       |     8 |   106 |   236 ||   350
       Borgnjor's Vile C |       |       |       |     2 ||     2
Evoke: Wand              |       |       |       |     1 ||     1
  Use: Scroll            |       |     4 |     1 |     8 ||    13
Armor: Robe              |     4 |     7 |       |       ||    11
       Leather armour    |       |       |     3 |    20 ||    23
Dodge: Dodged            |     5 |    35 |    18 |    32 ||    90

Table legend: (Time is in decaauts)
 A = Elapsed time spent in this place.
 B = Non-inter-level travel time spent in this place.
 C = Inter-level travel time spent in this place.
 D = Time resting spent in this place.
 E = Time spent auto-exploring this place.
 F = Levels seen in this place.
 G = Mean time per level.
                   A        B        C        D        E       F      G
               +--------+--------+--------+--------+--------+-----+--------+
         Total |  15264 |  14932 |    332 |   1962 |  10796 |  12 | 1272.0 |
       Dungeon |  15004 |  14701 |    303 |   1962 |  10589 |  11 | 1364.0 |
        Temple |    259 |    230 |     29 |      0 |    207 |   1 |  259.0 |
               +--------+--------+--------+--------+--------+-----+--------+

Top non-repeatable levels by time:
    D:10: 1920 daAuts
     D:4: 1584 daAuts
     D:8: 1569 daAuts
     D:5: 1563 daAuts
     D:7: 1496 daAuts
     D:3: 1350 daAuts
     D:6: 1324 daAuts
     D:9: 1284 daAuts
     D:2: 1255 daAuts
     D:1: 1004 daAuts
    D:11: 651 daAuts
  Temple: 259 daAuts
